 Dungeon Crawl Stone Soup version 0.26-a0-1181-gd376ed14c5 (webtiles) character file.

Game seed: 5868598361835083315

28 Azzok the Chopper (level 3, 29/29 HPs)
             Began as a Demonspawn Berserker on Dec 26, 2020.
             Was a Follower of Trog.
             Quit the game on level 2 of the Dungeon.
             The game lasted 00:01:02 (1010 turns).

Azzok the Chopper (Demonspawn Berserker)            Turns: 1010, Time: 00:01:02

Health: 29/29      AC:  7    Str: 18    XL:     3   Next: 0%
Magic:  3/3        EV: 11    Int:  8    God:    Trog [*.....]
Gold:   91         SH:  0    Dex: 12    Spells: 2/2 levels left

rFire    . . .     SeeInvis .   a - +0 hand axe
rCold    . . .     Faith    .   (no shield)
rNeg     + . .     Spirit   +   d - +0 ring mail
rPois    .         Reflect  .   (no helmet)
rElec    .         Harm     .   (no cloak)
rCorr    .         Rampage  .   (no gloves)
Will     .....                  (no boots)
Stlth    +.........             g - amulet of guardian spirit
HPRegen  0.09/turn              e - ring of positive energy
MPRegen  0.08/turn              (no ring)

@: no status effects
A: thin metallic scales 1, spiny 1
a: Renounce Religion, Berserk


You were on level 2 of the Dungeon.
You worshipped Trog.
Trog was aware of your devotion.
You visited 1 branch of the dungeon, and saw 2 of its levels.

You collected 91 gold pieces.

Inventory:

Hand Weapons
 a - a +0 hand axe (weapon)
Armour
 b - a +0 animal skin
 d - a +0 ring mail (worn)
Jewellery
 e - a ring of positive energy (left hand)
 g - an amulet of guardian spirit (around neck)
Scrolls
 c - a scroll of magic mapping {unknown}
 f - 2 scrolls of identify {unknown}
 h - a scroll of teleportation {unknown}
Potions
 i - a potion of curing {unknown}


   Skills:
 - Level 3.0 Fighting
 + Level 3.8 Axes
 - Level 1.7 Armour
 - Level 1.7 Dodging


You had 2 spell levels left.
You didn't know any spells.
Your spell library was empty.

Dungeon Overview and Level Annotations

Branches:
Dungeon (2/15)

Altars:


Innate Abilities, Weirdness & Mutations

You are partially covered in thin metallic scales. (AC +2)
You are partially covered in sharp spines.


Message History

The goblin is heavily wounded.
The goblin hits you but does no damage.
You hit the goblin.
You kill the goblin!
Trog accepts your kill.
You hit the rat.
You kill the rat!
Trog accepts your kill.
You slash the hobgoblin!
You kill the hobgoblin!
Trog accepts your kill.
You closely miss the frilled lizard.
The frilled lizard bites you but does no damage.
The leopard gecko barely misses you.
You have reached level 3!
Your experience leads to an increase in your attributes!
Increase (S)trength, (I)ntelligence, or (D)exterity?
You feel stronger.
Your demonic ancestry asserts itself...
Sharp spines emerge from parts of your body.
Are you sure you want to abandon this character and quit the game? (Confirm with "yes".)

···· ▒··> ▒···
▒··· ▒··· ▒···
▒▒▒(·l▒▒▒
▒····l@·▒
▒·▒▒·▒▒·▒ ▒
▒▒·▒▒▒▒▒▒
▒·······▒
·········▒▒·▒
·▒▒·▒··▒·▒▒·▒▒
······▒·····▒▒▒▒▒
▒▒▒·▒·▒▒▒▒·······▒
▒·▒········▒·▒·▒


You could see a leopard gecko and a frilled lizard.

Vanquished Creatures
  2 dart slugs (D:1)
  A leopard gecko (D:1)
  5 bats
  2 giant cockroaches
  3 goblins
  3 hobgoblins
  2 kobolds (D:1)
  3 rats
21 creatures vanquished.

Notes
Turn   | Place    | Note
-------+----------+-------------------------------------------
     0 | D:1      | Azzok the Demonspawn Berserker began the quest for the Orb.
     0 | D:1      | Reached XP level 1. HP: 18/18 MP: 1/1
   304 | D:1      | Gained mutation: You are partially covered in thin metallic
                  | scales. (AC +2) [demonic ancestry]
   304 | D:1      | Reached XP level 2. HP: 21/24 MP: 2/2
  1010 | D:2      | Gained mutation: You are partially covered in sharp spines.
                  | [demonic ancestry]
  1010 | D:2      | Reached XP level 3. HP: 29/29 MP: 3/3
  1010 | D:2      | Quit the game

Illustrated notes

Levels and vault maps discovered:
D:1:      dpeg_arrival_boxorama, layout_basic
D:2:      layout_loops_cross

Skill      XL: |  1 |
---------------+----+-----
Axes           | 3 |  3.8
Fighting       | |  3.0
Armour         | |  1.7
Dodging        | |  1.7

Action                   || total
-------------------------++-------
Melee: Hand axe          ||    62
Armor: Ring mail         ||    27
Dodge: Dodged            ||    42

Table legend: (Time is in decaauts)
 A = Elapsed time spent in this place.
 B = Non-inter-level travel time spent in this place.
 C = Inter-level travel time spent in this place.
 D = Time resting spent in this place.
 E = Time spent auto-exploring this place.
 F = Levels seen in this place.
 G = Mean time per level.
                   A        B        C        D        E       F      G
               +--------+--------+--------+--------+--------+-----+--------+
         Total |   1016 |   1002 |     14 |      0 |    814 |   2 |  508.0 |
       Dungeon |   1016 |   1002 |     14 |      0 |    814 |   2 |  508.0 |
               +--------+--------+--------+--------+--------+-----+--------+

Top non-repeatable levels by time:
     D:1: 882 daAuts
     D:2: 134 daAuts
